 Seeded DCSS version 0.30.1-4-g462c640d31 (webtiles) character file.

Game seed: 6351066067085065685 (custom seed)

5 Esekla the Grave Robber (level 1, 0/10 HPs)
             Began as a Deep Elf Necromancer on Aug 13, 2023.
             Slain by a kobold
             ... wielding a +1 short sword of freezing
              (1 damage)
             ... on level 4 of the Dungeon.
             The game lasted 00:05:46 (606 turns).

Esekla the Grave Robber (Deep Elf Necromancer)       Turns: 606, Time: 00:05:47

Health: 0/10       AC:  2    Str:  5    XL:     1   Next: 66%
Magic:  6/6        EV: 12    Int: 19    God:
Gold:   27         SH:  0    Dex: 15    Spells: 5/6 levels left

rFire   . . .        c - +0 short sword
rCold   . . .        (no shield)
rNeg    . . .        a - +0 robe
rPois   .            (no helmet)
rElec   .            (no cloak)
rCorr   .            (no gloves)
SInv    .            (no boots)
Will    .....        (no amulet)
Stlth   ++           (no ring)
HPRegen 0.21/turn    (no ring)
MPRegen 0.10/turn

%: no passive effects
@: no status effects
A: no striking features
a: no special abilities


You were on level 4 of the Dungeon.
You visited 1 branch of the dungeon, and saw 6 of its levels.

You collected 27 gold pieces.

Inventory:

Hand Weapons
 c - a +0 short sword (weapon)
Armour
 a - a +0 robe (worn)
Wands
 f - a wand of roots (7)
Scrolls
 g - a scroll of enchant weapon {unknown}
Potions
 b - a potion of magic
 d - a potion of ambrosia {unknown}
 h - a potion of curing {unknown}


   Skills:
 * Level 2.4 Dodging
 + Level 2.9 Stealth
 * Level 3.0 Spellcasting
 + Level 4.9 Necromancy


You had 5 spell levels left.
You knew the following spells:

 Your Spells              Type           Power      Damage    Failure   Level
a - Necrotise             Necr           84%        1d8       1%          1

Your spell library contained the following spells:

 Spells                   Type           Power      Damage    Failure   Level
 Vampiric Draining        Necr           21%        2d7       6%          3
 Animate Dead             Necr           21%        N/A       21%         4
 Agony                    Necr           21%        N/A       50%         5


Dungeon Overview and Level Annotations

Branches:
Dungeon (6/15)
 Temple: D:4-7

Altars:


Message History

Found a stone staircase leading down.
A hound and an iguana come into view.
e - 2 scrolls labelled QOIXKOT YTEE (gained 1)
An adder comes into view.
Found 20 gold pieces and a war axe.
Found a bubbling blue potion.
You see here a bubbling blue potion.
An ogre comes into view. It is wielding a +0 giant club.
The iguana hisses angrily.
As you read the scroll labelled QOIXKOT YTEE, it crumbles to dust.
You assume a fearsome visage.
The iguana looks frightened!
The ogre looks frightened!
It was a scroll of fear.
Found a dagger.
You see here a bubbling blue potion.
h - a bubbling blue potion
Found a bubbling blue potion.
You see here a bubbling blue potion.
An iguana comes into view.
The iguana hisses angrily.
As you read the scroll of fear, it crumbles to dust.
You assume a fearsome visage.
The iguana looks frightened!
The ogre looks frightened!
Found a stone staircase leading up.
There is a stone staircase leading up here.
You climb upwards.
The kobold shouts!
There is a stone staircase leading down here.
Okay, then.
You hit the kobold.
The kobold is moderately wounded.
The kobold hits you with a +1 short sword of freezing.
Ouch! That really hurt!
The kobold freezes you.
* * * LOW HITPOINT WARNING * * *
You hit the kobold but do no damage.
The kobold is moderately wounded.
The kobold hits you with a +1 short sword of freezing.
* * * LOW HITPOINT WARNING * * *
The kobold freezes you.
You die...

# # #. ..#.#
#....#
......####
.........#
.........######
.......@K......
...............
.........######
...####... ..
#.### . #.# #..
###


You could see a kobold.

Vanquished Creatures
  2 ball pythons (D:1)
  A frilled lizard (D:1)
  2 kobolds (D:1)
5 creatures vanquished.

Notes
Turn   | Place    | Note
-------+----------+-------------------------------------------
     0 | D:1      | Esekla the Deep Elf Necromancer began the quest for the
                  | Orb.
     0 | D:1      | Reached XP level 1. HP: 10/10 MP: 6/6
   326 | D:3      | You fall into a shaft and drop 3 floors!
   342 | D:6      | Noticed a jelly
   399 | D:5      | Entered Level 5 of the Dungeon
   406 | D:5      | Noticed a hound
   422 | D:5      | Noticed an iguana
   460 | D:5      | Noticed a hound
   460 | D:5      | Noticed an iguana
   532 | D:5      | Noticed an ogre
   587 | D:5      | Noticed an iguana
   606 | D:4      | Slain by a kobold

Illustrated notes

Levels and vault maps discovered:
D:1:      sevenhm_arrival_forest_fort_small_3, layout_rooms,
          chequers_serial_rivers_room_b, minmay_misc_feat_five
D:2:      layout_loops_ring, dreamdust_ecumenical_altar_angels_and_demons,
          serial_shops, shop
D:3:      layout_basic, grunt_temple_overflow_open, minmay_misc_feat_iff
D:4:      layout_basic, nicolae_overflow_quartered_altars, serial_shops,
          nicolae_diamond_shop
D:5:      layout_loops_ring, lemuel_doored_altar, minmay_misc_feat_rows,
          dreamdust_wishing_well
D:6:      layout_loops_cross, fedhas_altar_fruit_tree,
          minmay_temple_entry_glass, uniq_pikel, uniq_blork_the_orc

Action                     || total
---------------------------++-------
  Melee: Short sword       ||     9
         Unarmed           ||     9
         Punch             ||     1
    Use: Scroll            ||     2
 Armour: Robe              ||     2
  Dodge: Dodged            ||     9
